 Dungeon Crawl Stone Soup version 0.30-a0-862-g1aabd4f (webtiles) character file.

Game seed: 4339419590560031735

198 Nithhogg the Trooper (level 5, -1/48 HPs)
             Began as a Hill Orc Fighter on Mar 9, 2023.
             Splashed by a jelly's acid (10 damage)
             ... on level 4 of the Dungeon.
             The game lasted 00:04:17 (2547 turns).

Nithhogg the Trooper (Hill Orc Fighter)             Turns: 2547, Time: 00:04:17

Health: -1/48      AC: 13    Str: 21    XL:     5   Next: 77%
Magic:  5/5        EV:  6    Int:  8    God:
Gold:   201        SH:  0    Dex: 10    Spells: 4/4 levels left

rFire   . . .      SeeInvis .    a - +0 war axe
rCold   . . .      Faith    .    (no shield)
rNeg    . . .      Spirit   .    k - +1 plate armour
rPois   .          Reflect  .    (no helmet)
rElec   .          Rampage  .    (no cloak)
rCorr   .                        (no gloves)
Will    .....                    (no boots) Stlth
                                 (no amulet)
HPRegen 0.28/turn                (no ring)
MPRegen 0.09/turn                (no ring)

@: no status effects
A: no striking features
a: no special abilities


You were on level 4 of the Dungeon.
You visited 1 branch of the dungeon, and saw 4 of its levels.

You collected 201 gold pieces.

Inventory:

Hand Weapons
 a - a +0 war axe (weapon)
 g - a +2 short sword of venom
Armour
 b - a +0 scale mail
 c - a +0 buckler
 k - a +1 plate armour (worn)
 t - a +1 scale mail of cold resistance
Jewellery
 i - an amulet of guardian spirit
 l - a ring of wizardry
Scrolls
 e - 2 scrolls of identify
 h - 2 scrolls of fear
Potions
 d - 2 potions of might
 f - a potion of cancellation
 j - 2 potions of attraction
 o - 3 potions of curing {unknown}
 p - a potion of lignification {unknown}
 r - 2 potions of degeneration {unknown}
 s - a potion of heal wounds {unknown}
 v - a potion of haste
 z - a potion of flight {unknown}


   Skills:
 + Level 5.2 Fighting
 + Level 4.9 Axes
 + Level 4.8 Armour
 - Level 3.2 Shields


You had 4 spell levels left.
You didn't know any spells.
Your spell library contained the following spells:

 Spells                   Type           Power      Damage    Failure   Level
 Summon Small Mammal      Summ           0%         N/A       100%        1
 Call Canine Familiar     Summ           0%         N/A       100%        3
 Summon Guardian Golem    Hex/Summ       0%         N/A       100%        3


Dungeon Overview and Level Annotations

Branches:
Dungeon (4/15)
 Temple: D:4-7

Altars:
Ashenzari

Annotations:
D:4 Grinder


Message History

Grinder is heavily wounded.
Grinder blinks!
A jelly comes into view.
The jelly quivers.
You closely miss the hobgoblin. The hobgoblin hits you.
The hobgoblin hits you but does no damage.
You hit the hobgoblin.
You kill the hobgoblin!
Grinder gestures at you. Pain shoots through your body!
* * * LOW HITPOINT WARNING * * *
You see here a hobgoblin corpse.
You hit Grinder but do no damage.
Grinder is heavily wounded.
Grinder gestures at you.
You suddenly lose the ability to move!
Grinder hits you but does no damage. The jelly hits you but does no damage.
Grinder hits you but does no damage. The jelly hits you but does no damage.
Grinder hits you.
* * * LOW HITPOINT WARNING * * *
The jelly barely misses you. Grinder hits you but does no damage.
You can move again.
You feel yourself speed up. The jelly hits you but does no damage.
Grinder gestures at you.
You struggle to resist.
It was a potion of attraction.
You feel attractive to monsters. The jelly barely misses you.
The jelly is attracted toward you.
It was a potion of cancellation.
Your magical effects are unravelling.
You feel magically purged.
You feel yourself slow down.
You feel your willpower return. The jelly hits you but does no damage.
You feel less attractive to monsters. Grinder gestures at you.
Pain shoots through your body!
* * * LOW HITPOINT WARNING * * *
It was a potion of magic.
Magic courses through your body. The jelly hits you.
* * * LOW HITPOINT WARNING * * *
You are splashed with acid!
You die...

#....
##.#......#####.##
#....# ##....###.#
#.# #.....###....#.#
#... ...
#.....#...####.#
####.....#
#....<..#### #.#
#..... #......†...#
#.# #....#
#>.........###..
#.....
#...)....5...##.##
########.J@#.....####
###.####......##
#..## #.# #..#####
#####..###.####......
#.................##.
#.####....#.####.....
###.#.#.#######..
#...#.....# ##.
#####.....#.#.# #.


You could see Grinder and a jelly.

Vanquished Creatures
  A jelly (D:4)
  4 gnolls (D:3)
  3 adders (D:2)
  2 worms (D:2)
  2 dart slugs
  9 orcs (D:3)
  7 ball pythons
  6 bats
  12 endoplasms
  3 giant cockroaches
  4 goblins
  5 hobgoblins
  12 kobolds
  A quokka (D:2)
  2 frilled lizards
  3 rats (D:1)
76 creatures vanquished.

Notes
Turn   | Place    | Note
-------+----------+-------------------------------------------
     0 | D:1      | Nithhogg the Hill Orc Fighter began the quest for the Orb.
     0 | D:1      | Reached XP level 1. HP: 19/19 MP: 1/1
    64 | D:1      | Reached XP level 2. HP: 14/27 MP: 2/2
   196 | D:1      | Found a faded altar of an unknown god.
   203 | D:1      | Reached skill level 4 in Fighting
   436 | D:1      | Reached XP level 3. HP: 27/33 MP: 0/3
  1196 | D:2      | Reached XP level 4. HP: 41/41 MP: 4/4
  1816 | D:3      | Reached XP level 5. HP: 43/47 MP: 5/5
  1937 | D:3      | Reached skill level 5 in Fighting
  2507 | D:4      | Found a broken altar of Ashenzari.
  2521 | D:4      | Noticed Grinder
  2522 | D:4      | Paralysed by Grinder for 5 turns
  2537 | D:4      | Paralysed by Grinder for 4 turns
  2547 | D:4      | Splashed by a jelly's acid

Illustrated notes

Levels and vault maps discovered:
D:1:      lordsloth_arrival_two_stooges, layout_basic,
          ebering_ecumenical_altar_mist, dk_noncrumbling_4, columned_hall_lemuel
D:2:      layout_basic, chequers_serial_rivers_micro_d
D:3:      layout_loops_ring
D:4:      layout_rooms, mainiacjoe_overflow_small_starburst,
          gup_sewer_entry_pipe, uniq_grinder

Skill      XL: |  1  2  3  4  5 |
---------------+----------------+-----
Axes           | 3 4 |  4.9
Fighting       | 4 5 |  5.2
Armour         | 4 |  4.8
Shields        | |  3.2

Action                     |  1- 3 |  4- 6 || total
---------------------------+-------+-------++-------
  Melee: War axe           |    87 |   114 ||   201
    Use: Scroll            |       |     7 ||     7
         Potion            |       |     4 ||     4
 Armour: Scale mail        |    48 |       ||    48
         Plate armour      |       |    87 ||    87
  Dodge: Dodged            |    52 |    31 ||    83

Table legend: (Time is in decaauts)
 A = Elapsed time spent in this place.
 B = Non-inter-level travel time spent in this place.
 C = Inter-level travel time spent in this place.
 D = Time resting spent in this place.
 E = Time spent auto-exploring this place.
 F = Levels seen in this place.
 G = Mean time per level.
                   A        B        C        D        E       F      G
               +--------+--------+--------+--------+--------+-----+--------+
         Total |   2606 |   2520 |     86 |      3 |   1905 |   4 |  651.5 |
       Dungeon |   2606 |   2520 |     86 |      3 |   1905 |   4 |  651.5 |
               +--------+--------+--------+--------+--------+-----+--------+

Top non-repeatable levels by time:
     D:1: 944 daAuts
     D:3: 836 daAuts
     D:2: 677 daAuts
     D:4: 148 daAuts
